 Dungeon Sprint DCSS version 0.29.1-2-gbd0b4ee654 (webtiles) character file.

Game seed: 5062133453863401836

35074 boopmooplesden the Minotaur Blade (level 13, -15/120 HPs)
             Began as a Minotaur Berserker on Nov 23, 2022.
             Was the Champion of Trog.
             Succumbed to Sonja's poison
             ... in the Dungeon (Sprint II: "The Violet Keep of Menkaure").
             The game lasted 00:15:19 (3891 turns).

boopmooplesden the Minotaur Blade (MiBe)            Turns: 3891, Time: 00:15:19

Health: -15/120    AC: 26    Str: 25    XL:     13   Next: 45%
Magic:  3/4        EV: 13    Int:  2    God:    Trog [******]
Gold:   1978       SH:  0    Dex: 13    Spells: 12/12 levels left

rFire   + . .      SeeInvis .   k - +5 demon blade (antimagic)
rCold   . . .      Faith    .   (no shield)
rNeg    . . .      Spirit   +   p - +3 plate armour {rF+}
rPois   .          Reflect  .   w - +1 hat
rElec   .          Harm     .   B - +0 cloak
rCorr   .          Rampage  .   j - +0 pair of gloves {Str+3}
Will    +....      NoTele   +   i - +1 pair of boots
Stlth   ..........              F - amulet of guardian spirit
HPRegen 0.30/turn               M - ring of flight
MPRegen 0.09/turn               I - ring of willpower

@: lethally poisoned (-15 -> -81), on berserk cooldown, flying, slowed, very
slow
A: horns 2, retaliatory headbutt, clumsy 1, deformed body, deterioration 2,
dopey 1, frail 2, wild magic 1, inability to drink after injury 1, inability to
read after injury 1
a: Renounce Religion, Berserk, Trog's Hand, Brothers in Arms


You were in the Dungeon.
You worshipped Trog.
Trog was exalted by your worship.
You visited 1 branch You collected 3487 gold pieces.
You spent 1509 gold pieces at shops.

Inventory:

Hand Weapons
 a - a +1 vorpal falchion
 k - a +5 antimagic demon blade (weapon)
 l - a +4 scimitar
 q - a +2 great sword of flaming
 z - a +6 vorpal great sword
 C - a +2 triple sword of draining
 G - the +10 morningstar "Eos" {elec, Halo rElec}
   (You found it in the Dungeon)

   It occasionally discharges a powerful burst of electricity upon striking a
   foe.
   It grants its wielder a halo, revealing invisible creatures and increasing
   accuracy against all within it other than the wielder.
   rElec:     It insulates you from electricity.
Armour
 b - a +0 animal skin
 c - a +1 pair of gloves
 i - a +1 pair of boots (worn)
 j - a +0 pair of gloves of strength (worn)
 p - a +3 plate armour of fire resistance (worn)
 w - a +1 hat (worn)
 B - a +0 cloak (worn)
Jewellery
 D - a +6 ring of intelligence
 F - an amulet of guardian spirit (around neck)
 H - a ring of magical power
 I - a ring of willpower (right hand)
 J - a ring of protection from cold
 K - a ring of protection from cold
 L - an amulet of magic regeneration
 M - a ring of flight (left hand)
 N - a +4 ring of protection
Scrolls
 e - 3 scrolls of identify
 h - 3 scrolls of blinking
 n - 2 scrolls of silence
 x - 4 scrolls of fog
Potions
 f - 33 potions of magic
 g - a potion of berserk rage
 m - 10 potions of flight
 o - 2 potions of degeneration
 r - 35 potions of mutation
 s - 2 potions of might
 u - a potion of brilliance {unknown}
 v - 2 potions of resistance
 A - 2 potions of lignification {unknown}
 O - a potion of ambrosia {unknown}
Miscellaneous
 d - a phantom mirror
 t - a box of beasts
 y - a condenser vane
 E - a box of beasts


   Skills:
 + Level 24.3 Fighting
 + Level 25.4 Long Blades
 + Level 23.0 Armour
 + Level 13.5 Dodging
 + Level 2.1 Stealth
 + Level 0.6 Evocations


You had 12 spell levels left.
You didn't know any spells.
Your spell library was empty.

Dungeon Overview and Level Annotations

Branches:
Dungeon (1/1)

Altars:
Cheibriados
Dithmenos
Elyvilon
Fedhas
Gozag
Hepliaklqana
Kikubaaqudgha
Makhleb
Nemelex Xobeh
Okawaru
Qazlal
Ru
Sif Muna
Trog
Uskayaw
Vehumet
Wu Jian
Xom
Yredelemnul
Zin
The Shining One
Jiyva
Lugonu

Shops:
D :[:*=(!=:?!(![==!:::!(!(=[[[[:

Annotations:
D Roxanne, Sonja


Innate Abilities, Weirdness & Mutations

You have a pair of horns on your head.
You reflexively headbutt those who attack you in melee.
You are clumsy. (Dex -2)
Armour fits poorly on your strangely shaped body.
Your body often deteriorates upon taking damage.
You are dopey. (Int -2)
You are very frail. (-20% HP)
Your spells are a little harder to cast, but a little more powerful.
You occasionally lose the ability to drink potions when taking damage.
You occasionally lose the ability to read scrolls when taking damage.


Message History

You closely miss the hellephant.
You headbutt the hellephant, but do no damage.
The hellephant is lightly wounded.
You feel sick. The hellephant tramples you!
* * * LOW HITPOINT WARNING * * *
You hold your ground!
The hellephant bites you but does no damage.
The hellephant gores you but does no damage.
Really fly into that net trap?
You become entangled in the net!
You feel sick.
The hellephant blinks!
Sonja zaps a wand.
You resist with almost no effort.
There is a net trap here.
You see here a throwing net.
You tear a large gash into the net.
You feel sick.
You struggle against the net.
You feel sick. Sonja barely misses you. x2
Sonja hits you but does no damage.
You are more poisoned.
The hellephant blinks!
Sonja hits you but does no damage.
You are lethally poisoned!
Sonja hits you but does no damage. x2
You are more poisoned.
You struggle against the net.
* * * LOW HITPOINT WARNING * * *
You feel extremely sick. Sonja hits you but does no damage.
You are more poisoned.
Sonja hits you but does no damage.
You are more poisoned.
Sonja hits you with a +1 dagger of venom.
* * * LOW HITPOINT WARNING * * *
Sonja hits you but does no damage. x2
You are more poisoned.
Sonja hits you but does no damage.
You are more poisoned.
Sonja hits you but does no damage. x2
You are more poisoned.
Sonja hits you but does no damage.
Unknown command.
You rip the net and break free!
You die...

***************************
,,+,,,+,,**,^,,,**,,,,,**,*
,,*,,,*,**,,*,,,**,,,*,**,*
,,*,▓▓▓,**,,**,,**,,**,,*,*
,,*,..▓,**,,**,,*,,,**,,,,*
+▓▓▓▓.▓,*,,,**,,,,,,**,,,,*
○.▓0..▓,,,,,******▓▓▓▓++▓▓▓#
..▓▓▓▓▓▓▓▓▓▓*▓▓▓▓▓▓........#
..▓≈§≈≈≈≈≈≈▓▓▓.K@.▓.''''''.#
|)▓▓▓▓▓▓▓▓▓▓▓▓)▓▓.▓.'≈..≈'.#
)}▓...[(.§§▓▓...▓.▓.'≈..≈'.#
))▓.§§[§§(.▓▓.⌠.▓.▓.'§..§'.#
)°▓(.(..([.▓▓...▓^▓.'≈.§§§.#
##▓.....[[(▓▓...▓.▓.'≈).≈'.#
.#▓........▓▓...▓.▓.'≈..≈'.#
.#▓..[....[▓▓...▓.▓.'≈..≈'.#
.#▓(..:....▓▓$⌠.▓.▓.▓§§.≈▓}#


You could see Sonja (magic disrupted).

Vanquished Creatures
  the Lernaean hydra (D)
  A deep elf blademaster (D)
  Gastronok (D)
  A kraken (D)
  2 sphinxes (D)
  Kirke (D)
  A draconian knight (D)
  A draconian shifter (D)
  A dire elephant (D)
  A yaktaur captain (D)
  A death yak (D)
  A skeletal warrior (D)
  3 sixfirhies (D)
  A glowing orange brain (D)
  An obsidian statue (D)
  2 deep trolls (D)
  A harpy (D)
  An oklob plant (D)
  15 shining eyes (D)
  3 orc sorcerers (D)
  3 manticores (D)
  An elephant (D)
  2 toenail golems (D)
  A merfolk siren (D)
  An eye of devastation (D)
  An ice statue (D)
  A kobold demonologist (D)
  An unseen horror (D)
  3 polar bears (D)
  A hornet (D)
  18 flying skulls (D)
  3 wyverns (D)
  4 neqoxecs (D)
  Menkaure (D)
  2 redbacks (D)
  7 water moccasins (D)
  10 floating eyes (D)
  A necrophage (D)
  4 scorpions (D)
  4 lava snakes (D)
  A jelly (D)
  4 orc priests (D)
  An iron imp (D)
  A hell rat (D)
  A spectral adder (D)
  3 worms (D)
  A spectral ball python (D)
  2 tentacles (D)
123 creatures vanquished.

Vanquished Creatures (collateral kills)
  A yaktaur (D)
1 creature vanquished.

Vanquished Creatures (others)
  An unseen horror (D)
  14 tentacles (D)
15 creatures vanquished.

Grand Total: 139 creatures vanquished

Notes
Turn   | Place    | Note
-------+----------+-------------------------------------------
     0 | D        | boopmooplesden the Minotaur Berserker began the quest for
                  | the Orb.
     0 | D        | Reached XP level 1. HP: 19/19 MP: 0/0
     8 | D        | Reached skill level 4 in Long Blades
    15 | D        | Reached ** piety under Trog
    16 | D        | Reached skill level 5 in Long Blades
    16 | D        | Reached XP level 2. HP: 26/28 MP: 1/1
   222 | D        | Noticed a scorpion
   222 | D        | Noticed a scorpion
   222 | D        | Noticed a scorpion
   222 | D        | Noticed a scorpion
   227 | D        | Killed a scorpion
   228 | D        | Reached skill level 7 in Long Blades
   228 | D        | Reached XP level 3. HP: 38/38 MP: 2/2
   228 | D        | Reached XP level 4. HP: 45/45 MP: 3/3
   229 | D        | Killed a scorpion
   230 | D        | Reached skill level 8 in Long Blades
   233 | D        | Killed a scorpion
   234 | D        | Reached skill level 9 in Long Blades
   234 | D        | Reached XP level 5. HP: 50/56 MP: 4/4
   235 | D        | Reached *** piety under Trog
   236 | D        | Reached skill level 10 in Long Blades
   566 | D        | Noticed a neqoxec
   566 | D        | Noticed a neqoxec
   566 | D        | Noticed a neqoxec
   566 | D        | Noticed a neqoxec
   566 | D        | Gained mutation: Your natural rate of healing is unusually
                  | fast. [a neqoxec]
   572 | D        | Killed a neqoxec
   573 | D        | Reached skill level 10 in Fighting
   573 | D        | Reached skill level 11 in Long Blades
   573 | D        | Reached skill level 5 in Armour
   573 | D        | Reached skill level 5 in Dodging
   573 | D        | Reached XP level 6. HP: 67/67 MP: 5/5
   580 | D        | Killed a neqoxec
   581 | D        | Reached skill level 12 in Long Blades
   585 | D        | Killed a neqoxec
   586 | D        | Reached skill level 13 in Long Blades
   586 | D        | Reached XP level 7. HP: 75/75 MP: 6/6
   592 | D        | Killed a neqoxec
   592 | D        | Reached **** piety under Trog
   629 | D        | Noticed a merfolk siren
   646 | D        | Killed a merfolk siren
   647 | D        | Reached skill level 14 in Long Blades
   647 | D        | Reached XP level 8. HP: 85/85 MP: 7/7
   651 | D        | Found Qeisial's Antique Armour Emporium.
   651 | D        | Found Geixkeeli's Book Shoppe.
   651 | D        | Found Tyehitir's Book Emporium.
   651 | D        | Found Ocuamoergh's Antique Weapon Shoppe.
   651 | D        | Found Tosmyrus's Book Emporium.
   652 | D        | Found Xeathrap's Antique Armour Shoppe.
   652 | D        | Found Xuroj's Distillery.
   652 | D        | Found Umifemy's Armour Shoppe.
   652 | D        | Found Mucyjoir's Antique Armour Shoppe.
   652 | D        | Found Lauwil's Distillery.
   653 | D        | Found Docal's Jewellery Shoppe.
   653 | D        | Found Jefem's Jewellery Emporium.
   653 | D        | Found Deysac's Magic Scroll Shoppe.
   653 | D        | Found Muinet Wych's Book Emporium.
   657 | D        | Noticed Menkaure
   673 | D        | Killed Menkaure
   674 | D        | Reached skill level 15 in Long Blades
   697 | D        | Reached ***** piety under Trog
   897 | D        | Noticed an oklob plant
   898 | D        | Found Hacisaim's Book Shoppe.
   899 | D        | Noticed a death yak
   902 | D        | Bought a pair of runed boots for 210 gold pieces
   916 | D        | Bought a pair of embroidered gloves for 187 gold pieces
   922 | D        | Bought a +2 scale mail of poison resistance for 234 gold
                  | pieces
   963 | D        | Found a snail-covered altar of Cheibriados.
   964 | D        | Found a shadowy altar of Dithmenos.
   964 | D        | Found a viscous altar of Jiyva.
   965 | D        | Found a white marble altar of Elyvilon.
   965 | D        | Found an ancient bone altar of Kikubaaqudgha.
   976 | D        | Found a blossoming altar of Fedhas.
   976 | D        | Found a corrupted altar of Lugonu.
   976 | D        | Found a shimmering blue altar of Sif Muna.
   976 | D        | Found a hazy altar of Hepliaklqana.
   976 | D        | Found a sacrificial altar of Ru.
   977 | D        | Found an opulent altar of Gozag.
   977 | D        | Found a burning altar of Makhleb.
   977 | D        | Found a bloodstained altar of Trog.
   977 | D        | Found a shimmering altar of Xom.
   977 | D        | Found a stormy altar of Qazlal.
   977 | D        | Found an ornate altar of the Wu Jian Council.
   977 | D        | Noticed a polar bear
   977 | D        | Noticed a polar bear
   978 | D        | Noticed a polar bear
   979 | D        | Noticed a yaktaur
   986 | D        | Killed a polar bear
   986 | D        | Noticed a hornet
   992 | D        | Killed a polar bear
   993 | D        | Reached skill level 16 in Long Blades
  1000 | D        | Killed a polar bear
  1001 | D        | Reached XP level 9. HP: 96/96 MP: 8/8
  1016 | D        | Killed a yaktaur
  1019 | D        | Found a sparkling altar of Nemelex Xobeh.
  1019 | D        | Found a hide-covered altar of Uskayaw.
  1019 | D        | Found a basalt altar of Yredelemnul.
  1020 | D        | Found an iron altar of Okawaru.
  1020 | D        | Found a radiant altar of Vehumet.
  1020 | D        | Found a glowing silver altar of Zin.
  1026 | D        | Found a glowing golden altar of the Shining One.
  1129 | D        | Noticed a kraken
  1142 | D        | Reached skill level 15 in Fighting
  1142 | D        | Reached skill level 17 in Long Blades
  1170 | D        | Found the +13 scythe of Curses {drain, Drain}
  1461 | D        | Reached ****** piety under Trog
  1462 | D        | Reached skill level 1 in Stealth
  1474 | D        | Received a gift from Trog
  1475 | D        | Reached skill level 10 in Dodging
  1475 | D        | Reached XP level 10. HP: 64/107 MP: 9/9
  1488 | D        | Reached skill level 18 in Long Blades
  1505 | D        | Reached skill level 10 in Armour
  1592 | D        | Noticed a deep troll
  1592 | D        | Noticed a deep troll
  1604 | D        | Killed a deep troll
  1611 | D        | Killed a deep troll
  1687 | D        | Bought a glowing plate armour for 728 gold pieces
  1718 | D        | Noticed Roxanne
  1721 | D        | Noticed Kirke
  1721 | D        | Noticed a yaktaur captain
  1739 | D        | Killed a yaktaur captain
  1741 | D        | Noticed an orange demon
  1744 | D        | Received a gift from Trog
  1753 | D        | Killed Kirke
  1759 | D        | Noticed a skeletal warrior
  1770 | D        | Received a gift from Trog
  1771 | D        | Noticed an elephant
  1771 | D        | Noticed a centaur warrior
  1778 | D        | Killed an elephant
  1779 | D        | Reached XP level 11. HP: 117/119 MP: 10/10
  1784 | D        | Killed a skeletal warrior
  1810 | D        | Noticed a shining eye
  1811 | D        | Noticed a shining eye
  1811 | D        | Noticed a shining eye
  1814 | D        | Killed a shining eye
  1815 | D        | Gained mutation: Your body sometimes deteriorates upon
                  | taking damage. [a shining eye]
  1816 | D        | Gained mutation: You are frail. (-10% HP) [a shining eye]
  1817 | D        | Killed a shining eye
  1818 | D        | Reached skill level 19 in Long Blades
  1820 | D        | Killed a shining eye
  1820 | D        | Received a gift from Trog
  1883 | D        | Reached skill level 15 in Armour
  1909 | D        | Found Hamp's Book Emporium.
  1909 | D        | Found Kabieluch's Assorted Antiques.
  1909 | D        | Found Hyarchoh's Antique Armour Shop.
  1909 | D        | Found Egrieria's Jewellery Shoppe.
  1909 | D        | Found Hanafyef's Jewellery Boutique.
  1910 | D        | Found Mul Yggi's Distillery.
  1910 | D        | Found Joexkyu's Distillery.
  1910 | D        | Found Zeacuest's Jewellery Emporium.
  1910 | D        | Found Lofi's Distillery.
  1910 | D        | Found Nussott's Weapon Emporium.
  1910 | D        | Found Ujymomas's Distillery.
  1910 | D        | Found Cagog's Weapon Shoppe.
  2000 | D        | Received a gift from Trog
  2018 | D        | Noticed a black draconian knight
  2028 | D        | Noticed the 27-headed Lernaean hydra
  2218 | D        | Received a gift from Trog
  2234 | D        | Killed a death yak
  2235 | D        | Reached skill level 20 in Long Blades
  2243 | D        | Killed an oklob plant
  2371 | D        | Killed a black draconian knight
  2490 | D        | Reached skill level 21 in Long Blades
  2496 | D        | Received a gift from Trog
  2504 | D        | Identified a scroll of acquirement
  2504 | D        | Acquired a manual of Armour
  2516 | D        | Killed the 23-headed Lernaean hydra
  2517 | D        | Reached XP level 12. HP: 113/120 MP: 11/11
  2659 | D        | Found Gecarapt's Antique Weapon Shoppe.
  2697 | D        | Found Loamuish's Antique Armour Boutique.
  2697 | D        | Found Gefih's Book Shoppe.
  2834 | D        | Killed a kraken
  2835 | D        | Reached skill level 22 in Long Blades
  2891 | D        | Noticed a sphinx
  2891 | D        | Noticed a sphinx
  2898 | D        | Killed a sphinx
  2898 | D        | Received a gift from Trog
  2904 | D        | Killed a sphinx
  2979 | D        | Bought a pair of runed gloves for 150 gold pieces
  3247 | D        | Reached skill level 23 in Long Blades
  3254 | D        | Noticed Gastronok
  3265 | D        | Killed Gastronok
  3265 | D        | Received a gift from Trog
  3280 | D        | Found the +10 morningstar "Eos" {elec, Halo rElec}
  3280 | D        | Noticed a dire elephant
  3287 | D        | Killed a dire elephant
  3383 | D        | Gained mutation: Your magical capacity is low. (-10% MP) [a
                  | neqoxec]
  3387 | D        | Received a gift from Trog
  3424 | D        | Noticed a deep elf blademaster
  3449 | D        | Killed a deep elf blademaster
  3450 | D        | Reached skill level 24 in Long Blades
  3450 | D        | Reached XP level 13. HP: 132/132 MP: 3/10
  3481 | D        | Received a gift from Trog
  3647 | D        | Paralysed by a floating eye for 3 turns
  3650 | D        | Gained mutation: Your body often deteriorates upon taking
                  | damage. [a shining eye]
  3658 | D        | Gained mutation: Your movements are slightly less
                  | encumbered by armour. (ER -2) [a shining eye]
  3660 | D        | Paralysed by a floating eye for 2 turns
  3666 | D        | Gained mutation: You are dopey. (Int -2) [a shining eye]
  3667 | D        | Gained mutation: You are very frail. (-20% HP) [a shining
                  | eye]
  3668 | D        | Paralysed by a floating eye for 3 turns
  3668 | D        | Gained mutation: You occasionally lose the ability to read
                  | scrolls when taking damage. [a shining eye]
  3669 | D        | Gained mutation: Your magical capacity is very low. (-20%
                  | MP) [a shining eye]
  3672 | D        | Received a gift from Trog
  3672 | D        | Gained mutation: You sometimes lose the ability to read
                  | scrolls when taking damage. [a shining eye]
  3673 | D        | Gained mutation: Armour fits poorly on your strangely
                  | shaped body. [a shining eye]
  3673 | D        | Gained mutation: You are clumsy. (Dex -2) [a shining eye]
  3675 | D        | Received a gift from Trog
  3677 | D        | Received a gift from Trog
  3678 | D        | Reached skill level 25 in Long Blades
  3681 | D        | Gained mutation: You occasionally lose the ability to drink
                  | potions when taking damage. [a shining eye]
  3682 | D        | Lost mutation: Your magical capacity is very low. (-20% MP)
                  | [a shining eye]
  3816 | D        | Identified the +12 short sword "Hung" {pain, Int+3}
  3862 | D        | Noticed Sonja
  3862 | D        | Noticed a purple draconian shifter
  3862 | D        | Noticed a hellephant
  3875 | D        | Lost mutation: You sometimes lose the ability to read
                  | scrolls when taking damage. [potion of mutation]
  3875 | D        | Lost mutation: Your natural rate of healing is unusually
                  | fast. [potion of mutation]
  3875 | D        | Lost mutation: Your movements are slightly less encumbered
                  | by armour. (ER -2) [potion of mutation]
  3875 | D        | Lost mutation: Your magical capacity is low. (-10% MP)
                  | [potion of mutation]
  3875 | D        | Gained mutation: Your spells are a little harder to cast,
                  | but a little more powerful. [potion of mutation]
  3885 | D        | Killed a purple draconian shifter
  3885 | D        | Received a gift from Trog
  3890 | D        | HP: 5/120 [poisoned by Sonja]
  3891 | D        | Succumbed to Sonja's poison

Illustrated notes

Levels and vault maps discovered:
D:        the_violet_keep_of_menkaure [sprint2_stairs_cluster_1,
          sprint2_shoproom, sprint2_temple, sprint2_basic_supplies,
          sprint2_obstacle_5, sprint2_obstacle_1, sprint2_obstacle_6,
          sprint2_obstacle_2, sprint2_obstacle_3, sprint2_timed_cluster_1,
          sprint2_smallroom_cluster_1, sprint2_smallroom_final_cluster_1,
          sprint2_transparent_cluster_1, sprint2_second_timed_cluster_1,
          sprint2_sniper_area_1, sprint2_heavy_combat_area_1,
          sprint2_mutation_trap_area_1, sprint2_forest_area_1,
          sprint2_light_combat_area_1, sprint2_behind_water_1,
          sprint2_near_end_vault_1]

Skill      XL: |  1  2  3  4  5  6  7  8  9 10 11 12 13 |
---------------+----------------------------------------+-----
Fighting       | 4 6 8 10 11 12 14 16 18 20 22 24 | 24.3
Long Blades    | 5 7 9 11 13 14 16 17 18 21 24 25 | 25.4
Armour         | 3 4 5 6 7 9 13 17 21 23 | 23.0
Dodging        | 3 4 5 6 8 10 12 13 | 13.5
Stealth        | 1 2 |  2.1
Evocations     | |  0.6

Action                   |  1- 3 |  4- 6 |  7- 9 | 10-12 | 13-15 || total
-------------------------+-------+-------+-------+-------+-------++-------
Melee: Falchion          |    14 |    25 |   160 |    65 |       ||   264
       Headbutt          |     1 |     4 |    25 |    53 |    17 ||   100
       Punch             |       |       |     1 |       |     1 ||     2
       Scimitar          |       |       |       |    23 |       ||    23
       Great sword       |       |       |       |   160 |       ||   160
       Demon blade       |       |       |       |    43 |    72 ||   115
Invok: Berserk           |     2 |     1 |     2 |    13 |     2 ||    20
       Brothers in Arms  |       |       |     1 |       |       ||     1
Evoke: Condenser vane    |       |       |       |       |     1 ||     1
  Use: Scroll            |       |       |    13 |     3 |     1 ||    17
       Potion            |       |       |     2 |     9 |     1 ||    12
Armor: Animal skin       |     1 |     2 |       |       |       ||     3
       Scale mail        |       |       |    52 |    15 |       ||    67
       Plate armour      |       |       |       |   180 |    35 ||   215
Dodge: Dodged            |     4 |     5 |   105 |   171 |    22 ||   307
